 Dungeon Crawl Stone Soup version 0.31.0-12-g77e489cdc1 (console) character file.

Game seed: 16233001303376636677

53 AlterAsc the Cudgeller (level 3, 0/23 HPs)
             Began as a Gargoyle Fighter on Feb 12, 2024.
             Killed from afar by Natasha (6 damage)
             ... with a magic dart
             ... on level 2 of the Dungeon.
             The game lasted 00:01:52 (1271 turns).

AlterAsc the Cudgeller (Gargoyle Fighter)           Turns: 1271, Time: 00:01:53

Health: 0/23       AC: 14    Str: 21    XL:     3   Next: 87%
Magic:  3/3        EV:  7    Int:  8    God:
Gold:   89         SH:  4    Dex:  9    Spells: 2/2 levels left

rFire   . . .        a - +0 flail
rCold   . . .        c - +0 buckler
rNeg    + . .        i - +0 chain mail
rPois   ∞            (no helmet)
rElec   +            (no cloak)
rCorr   .            (no gloves)
SInv    .            l - +1 pair of boots {Fly}
Will    .....        (no amulet) Stlth
                     (no ring)
HPRegen 0.23/turn    (no ring)
MPRegen 0.08/turn

%: no passive effects
@: flying, slowed, very slow
A: sickness immunity, AC +3, negative energy resistance 1, electricity
resistance, torment resistance 1, petrification resistance
a: no special abilities


You were on level 2 of the Dungeon.
You visited 1 branch of the dungeon, and saw 2 of its levels.

You collected 89 gold pieces.

Inventory:

Hand Weapons
 a - a +0 flail (weapon)
Armour
 b - a +0 scale mail
 c - a +0 buckler (worn)
 i - a +0 chain mail (worn)
 l - a +1 pair of boots of flying (worn)
Scrolls
 f - a scroll of enchant weapon {unknown}
 h - a scroll of revelation {unknown}
 j - a scroll of fog {unknown}
 n - a scroll of noise {unknown}
Potions
 d - 2 potions of might
 e - a potion of experience {unknown}
 g - 2 potions of curing {unknown}
 k - a potion of cancellation {unknown}
 m - a potion of berserk rage {unknown}


   Skills:
 - Level 3.2 Fighting
 + Level 4.1 Maces & Flails
 - Level 3.2 Armour
 - Level 3.2 Shields


You had 2 spell levels left.
You didn't know any spells.
Your spell library was empty.

Dungeon Overview and Level Annotations

Branches:
Dungeon (2/15)

Altars:

Annotations:
D:2 Natasha


Innate Abilities, Weirdness & Mutations

You are immune to sickness and miasma.
Your stone body is resilient. (AC +3)
You are immune to poison.
You resist negative energy. (rN+)
You are resistant to electric shocks. (rElec)
You are resistant to unholy torment.
You are immune to petrification.


Message History

Natasha shimmers violently.
Natasha casts a spell at you.
You feel yourself slow down.
Natasha mewls in sadness.
Natasha claws you.
You barely miss Natasha.
Natasha claws you but does no damage. x2
You closely miss Natasha. Natasha barely misses you.
Natasha casts a spell.
You closely miss the cerulean imp. Natasha claws you.
You block the cerulean imp's attack. Natasha claws you.
The cerulean imp hits you but does no damage.
You miss the cerulean imp. Natasha casts a spell at you.
You feel as though you will be slow longer.
You block the cerulean imp's attack. You block Natasha's attack.
You barely miss Natasha.
The cerulean imp hits you but does no damage.
You block Natasha's attack.
The cerulean imp hits you but does no damage.
Natasha claws you but does no damage.
You closely miss Natasha.
The cerulean imp hits you but does no damage.
Natasha stares at you and mumbles some strange words.
The magic dart hits you. You block the cerulean imp's attack.
You closely miss Natasha. Natasha barely misses you.
The cerulean imp hits you but does no damage.
Natasha claws you but does no damage.
The cerulean imp hits you but does no damage.
You hit Natasha.
Natasha is lightly wounded.
Natasha claws you!
The cerulean imp hits you with a +1 spear.
* * * LOW HITPOINT WARNING * * *
Natasha barely misses you.
The cerulean imp hits you but does no damage.
You sock Natasha!
Natasha is heavily wounded.
Natasha stares at you and mumbles some strange words.
The magic dart hits you.
You die...
Natasha begins licking her fur clean.

P♣ .♣ ♣♣♣ ♣♣ #.# .♣ #.#
# #.# #.# #.# ####.#
#....#
#.#################
######.##......5@h......
..........##############
###########


You could see Natasha and a cerulean imp (summoned).

Vanquished Creatures
  An adder (D:2)
  2 dart slugs (D:2)
  2 ball pythons (D:1)
  3 endoplasms
  A giant cockroach (D:2)
  3 goblins
  3 hobgoblins
  3 jackals (D:1)
  4 quokkas
  4 bats
  A frilled lizard (D:2)
  5 kobolds
  3 rats
35 creatures vanquished.

Notes
Turn   | Place    | Note
-------+----------+-------------------------------------------
     0 | D:1      | AlterAsc the Gargoyle Fighter began the quest for the Orb.
     0 | D:1      | Reached XP level 1. HP: 14/14 MP: 1/1
    33 | D:1      | Found a faded altar of an unknown god.
   302 | D:1      | Reached XP level 2. HP: 19/19 MP: 2/2
   390 | D:1      | Reached skill level 3 in Maces & Flails
   731 | D:2      | Reached XP level 3. HP: 23/23 MP: 3/3
  1179 | D:2      | Reached skill level 4 in Maces & Flails
  1259 | D:2      | Noticed Natasha
  1271 | D:2      | Killed from afar by Natasha

Illustrated notes

Levels and vault maps discovered:
D:1:      matt_arrival_los_fun, layout_basic, ebering_ecumenical_altar_ruins,
          minmay_ruptured
D:2:      layout_basic, serial_forest, infiniplex_forest_end_2,
          infiniplex_forest_clump_diagonal, infiniplex_forest_lined_3,
          infiniplex_forest_clump_medium, infiniplex_forest_clump_tiny,
          infiniplex_forest_lined_room_, infiniplex_forest_end_2,
          infiniplex_forest_corner_1, minmay_quadrilaterals, uniq_natasha

Skill      XL: |  1  2  3 |
---------------+----------+-----
Maces & Flails | 3 4 |  4.1
Fighting       | |  3.2
Armour         | |  3.2
Shields        | |  3.2

Action                     || total
---------------------------++-------
  Melee: Flail             ||    94
 Armour: Scale mail        ||    35
         Chain mail        ||    48
  Dodge: Dodged            ||    54
  Block: Buckler           ||    24
